 Dungeon Crawl Stone Soup version 0.32-a0-799-g95e1662365 (webtiles) character file.

Game seed: 11186768008158034761

7246 garrulousMonolith the Cleaver (level 10, -1/89 HPs)
             Began as a Mountain Dwarf Fighter on Mar 21, 2024.
             Was a Priest of Beogh.
             Slain by Brunolf the orc apostle
             ... wielding the +9 flail "Newt's Peril" {freeze, +Blink rCorr MP-9 Dex+2}
              (18 damage)
             ... on level 11 of the Dungeon.
             The game lasted 00:15:27 (9875 turns).

garrulousMonolith the Cleaver (MDFi)                Turns: 9875, Time: 00:15:28

Health: -1/89      AC: 22    Str: 30    XL:     10   Next: 88%
Magic:  0/16       EV:  8    Int: 11    God:    Beogh [***...]
Gold:   241        SH:  5    Dex: 11    Spells: 9/9 levels left

rFire   . . .        B - +2 hand axe (elec)
rCold   . . .        c - +0 buckler
rNeg    . . .        L - +7 chain mail "Poofi" {Str+6}
rPois   .            (no helmet)
rElec   .            y - +0 cloak
rCorr   .            q - +2 pair of gloves "Pooh" {Str+5}
SInv    +            (no boots)
Will    +....        m - amulet of guardian spirit Stlth
                     h - +4 ring of slaying
HPRegen 0.34/turn    I - ring of see invisible
MPRegen 0.15/turn

%: guardian spirit
@: no status effects
A: runic magic, artefact enchanting
a: Renounce Religion, Smiting, Recall Apostles, Dismiss Orbeogh, wizard


You were on level 11 of the Dungeon.
You worshipped Beogh.
Beogh was most pleased with you.
You visited 1 branch of the dungeon, and saw 11 of its levels.
You also visited: Sewer.

You collected 807 gold pieces.
You spent 566 gold pieces at shops.

Inventory:

Hand Weapons
 a - a +0 war axe of protection
 w - a +1 long sword of electrocution
 B - a +2 hand axe of electrocution (weapon)
 K - a +0 broad axe of draining
Missiles
 f - a throwing net
 r - 19 poisoned darts (quivered)
Armour
 c - a +0 buckler (worn)
 q - the +2 pair of gloves "Pooh" (worn) {Str+5}
   (You bought it in a shop on level 9 of the Dungeon)

   Str+5:     It affects your strength (+5).
 y - a +0 cloak (worn)
 J - the +5 ring mail of Monotheism {rC++ rCorr Int+2}
   (You found it on level 8 of the Dungeon)

   Int+2:     It affects your intelligence (+2).
   rC++:      It greatly protects you from cold.
   rCorr:     It protects you from acid and corrosion.
 L - the +7 chain mail "Poofi" (worn) {Str+6}
   (You found it on level 11 of the Dungeon)

   Str+6:     It affects your strength (+6).
Jewellery
 h - a +4 ring of slaying (left hand)
 k - a ring of ice
 m - an amulet of guardian spirit (around neck)
 I - a ring of see invisible (right hand)
Wands
 t - a wand of polymorph (9)
 u - a wand of charming (4)
 E - a wand of flame (18)
 G - a wand of light (2)
 H - a wand of iceblast (9)
Scrolls
 e - 2 scrolls of revelation
 g - 6 scrolls of teleportation
 l - a scroll of immolation
 o - a scroll of vulnerability {unknown}
 s - a scroll of identify
 x - a scroll of enchant armour
 A - a scroll of torment {unknown}
 F - a scroll of blinking
Potions
 b - 2 potions of haste
 d - 2 potions of might
 i - 3 potions of brilliance
 j - 4 potions of curing
 n - a potion of berserk rage
 p - a potion of ambrosia {unknown}
 v - a potion of resistance {unknown}
 z - 2 potions of attraction
 C - a potion of enlightenment {unknown}


   Skills:
 + Level 8.3 Fighting
 * Level 11.9 Axes
 + Level 8.3 Armour
 + Level 8.1 Shields
 + Level 8.7 Invocations


You had 9 spell levels left.
You didn't know any spells.
Your spell library contained the following spells:

 Spells                   Type           Power      Damage    Failure   Level
 Apportation              Tloc           0%         N/A       47%         1
 Magic Dart               Conj           0%         1d3       47%         1
 Necrotise                Necr           0%         1d4       47%         1
 Shock                    Conj/Air       0%         1d3       47%         1
 Sting                    Conj/Alch      0%         1d3       47%         1
 Summon Small Mammal      Summ           0%         N/A       47%         1
 Blink                    Tloc           0%         N/A       63%         2
 Call Imp                 Summ           0%         N/A       63%         2
 Cigotuvi's Dreadful Rot  Necr/Alch/Air  0%         N/A       63%         2
 Jinxbite                 Hex            0%         N/A       63%         2
 Dazzling Flash           Conj/Hex       0%         N/A       85%         3
 Mephitic Cloud           Conj/Alch/Air  0%         N/A       85%         3
 Swiftness                Air            0%         N/A       85%         3
 Tukima's Dance           Hex            0%         N/A       85%         3
 Airstrike                Air            0%         2d(0-16)  99%         4
 Dimensional Bullseye     Hex/Tloc       0%         N/A       99%         4
 Dispel Undead            Necr           0%         3d6       99%         4
 Iskenderun's Mystic Bla  Conj/Tloc      0%         2d3       99%         4
 Martyr's Knell           Necr/Summ      0%         N/A       99%         4
 Alistair's Intoxication  Alch           0%         N/A       100%        5
 Curse of Agony           Necr           0%         N/A       100%        5
 Silence                  Hex/Air        0%         N/A       100%        5


Dungeon Overview and Level Annotations

Branches:
Dungeon (11/15)            Temple (0/1) D:7            Lair (0/5) D:10
  Sewer (visited)
    Orc: D:9-12

Altars:
Ashenzari
Cheibriados
Dithmenos
Elyvilon
Fedhas
Gozag
Hepliaklqana
Kikubaaqudgha
Makhleb
Nemelex Xobeh
Qazlal
Trog
Vehumet
Wu Jian
Xom

Shops:
D:5 ?   D:9 [*[(

Annotations:
D:3 1 runed translucent door, hecktor's ghost, amateur OpHu
D:9 3 runed translucent doors, Gastronok; zenocrate's ghost, novice OpEE


Innate Abilities, Weirdness & Mutations

Your facial features look somewhat orcish.
Your spellcasting is much less encumbered by armour.
You can use scrolls of enchantment on lesser artefacts.


Message History

Orbeogh dies!
You swear to avenge Orbeogh's death!
You feel better.
You feel better.
Brunolf hits you with the +9 flail "Newt's Peril"!!
Brunolf freezes you!
* * * LOW HITPOINT WARNING * * *
You hit Brunolf but do no damage.
Brunolf hits you with the +9 flail "Newt's Peril"!
* * * LOW HITPOINT WARNING * * *
Brunolf freezes you.
* * * LOW HITPOINT WARNING * * *
You hit Brunolf but do no damage. Brunolf hits you but does no damage.
You slash Brunolf! Lightning courses through Brunolf!
Brunolf is moderately wounded.
You barely miss Brunolf.
Brunolf is moderately wounded.
Brunolf hits you with the +9 flail "Newt's Peril".
* * * LOW HITPOINT WARNING * * *
Brunolf freezes you.
* * * LOW HITPOINT WARNING * * *
You hit Brunolf but do no damage. Lightning courses through Brunolf!!
Brunolf is heavily wounded.
You block Brunolf's attack.
You feel better.
Brunolf utters an invocation to Beogh.
Brunolf is healed somewhat.
Aiming: Bolt of Light
Press: ? - help, Shift-Dir - straight line, f/p - Brunolf
Aim: Brunolf the orc apostle, wielding the +9 flail "Newt's Peril" {freeze, +Blink rCorr MP-9 Dex+2} and wearing a +6 leather armour (moderately wounded, empowered by the touch of Beogh, target of orcish vengeance, 60% to hit)
The bolt of light misses Brunolf.
Brunolf hits you but does no damage.
Aiming: Bolt of Light
Press: ? - help, Shift-Dir - straight line, f/p - Brunolf
Aim: Brunolf the orc apostle, wielding the +9 flail "Newt's Peril" {freeze, +Blink rCorr MP-9 Dex+2} and wearing a +6 leather armour (moderately wounded, empowered by the touch of Beogh, target of orcish vengeance, 60% to hit)
The bolt of light hits Brunolf.
Brunolf is heavily wounded.
Brunolf is blinded.
Brunolf hits you with the +9 flail "Newt's Peril"!!
You die...
Beogh appreciates Brunolf's killing of a heretic priest.

.#.#.................#####
.....###.#...............#
.†.#†###.............###.#
.........#..........## #.#
.###.######.##.....## #.#
.# #.# #.###...## #.#
.###.# #.# ##### ##.#
.....# ##+###########).#
.##### ##...##.@o......##
.## ##.....#.#######.#
..### ##........# ##.#.##
....###†........####.....#
......'.........+........#
....###.........###......#
#.#.# ##........# #.#.#.##
###.# ##.....#.###.###.#
#.# ##...##.........#


You could see Brunolf the orc apostle (blind, unable to see you, divinely
empowered, target of vengeance).

Vanquished Creatures
  Joseph (D:9)
  A gargoyle (D:11)
  A kobold demonologist (D:8)
  2 hornets
  2 polar bears (D:10)
  2 shadows
  A wyvern (D:9)
  4 yaks (D:9)
  Eustachio (D:5)
  5 vampire mosquitoes
  Menkaure (D:6)
  An acid dragon (D:9)
  2 water moccasins
  Pargi (Sewer)
  An ice beast (D:5)
  An ogre (D:7)
  An orc warrior (D:8)
  2 centaurs
  A phantom (D:5)
  Blork the orc (D:5)
  A kobold brigand (D:8)
  A brain worm (Sewer)
  A gnoll sergeant (D:9)
  2 bullfrogs (D:8)
  A scorpion (D:5)
  5 wights (D:9)
  Dowan (D:5)
  9 killer bees
  8 howler monkeys
  7 orc priests
  4 hounds
  2 gnoll boudas (D:7)
  Jessica (D:2)
  Crazy Yiuf (D:5)
  Ijyb (D:4)
  2 iguanas
  6 orc wizards
  13 gnolls
  7 adders
  2 shadow imps
  A white imp (D:7)
  4 dart slugs
  3 ribbon worms
  12 orcs
  5 ball pythons
  8 bats
  7 endoplasms
  4 giant cockroaches
  4 goblins
  4 hobgoblins
  4 jackals (D:1)
  12 quokkas
  2 frilled lizards
  11 kobolds
  3 rats (D:1)
191 creatures vanquished.

Vanquished Creatures (collateral kills)
  A water moccasin (D:9)
  Duvessa (D:5)
  3 killer bees (D:11)
5 creatures vanquished.

Vanquished Creatures (others)
  2 orc apostles
  A steam dragon (D:8)
3 creatures vanquished.

Grand Total: 199 creatures vanquished

Notes
Turn   | Place    | Note
-------+----------+-------------------------------------------
     0 | D:1      | garrulousMonolith the Mountain Dwarf Fighter began the
                  | quest for the Orb.
     0 | D:1      | Reached XP level 1. HP: 19/19 MP: 1/1
   164 | D:1      | Reached XP level 2. HP: 26/26 MP: 2/2
   273 | D:1      | Reached skill level 1 in Invocations
   379 | D:1      | Reached skill level 3 in Axes
   668 | D:2      | Reached XP level 3. HP: 16/31 MP: 1/4
   772 | D:2      | Found a faded altar of an unknown god.
  1150 | D:2      | Noticed Jessica
  1154 | D:2      | Killed Jessica
  1155 | D:2      | Reached XP level 4. HP: 40/40 MP: 3/5
  1241 | D:2      | Found a stormy altar of Qazlal.
  1973 | D:3      | Became a worshipper of Beogh the Shepherd
  1977 | D:3      | Reached skill level 4 in Axes
  2136 | D:3      | Found a runed translucent door.
  2212 | D:3      | Noticed hecktor's ghost (amateur OpHu)
  2418 | D:4      | Noticed Ijyb
  2431 | D:4      | Killed Ijyb
  2432 | D:4      | Reached XP level 5. HP: 39/46 MP: 4/6
  2484 | D:4      | Found a shimmering altar of Xom.
  2632 | D:4      | Found a broken altar of Ashenzari.
  2652 | D:4      | Found a white marble altar of Elyvilon.
  2795 | D:4      | Found an opulent altar of Gozag.
  2796 | D:4      | Found an ornate altar of the Wu Jian Council.
  2797 | D:4      | Found a hazy altar of Hepliaklqana.
  2798 | D:4      | Found a snail-covered altar of Cheibriados.
  3005 | D:4      | Found a sparkling altar of Nemelex Xobeh.
  3217 | D:5      | Entered Level 5 of the Dungeon
  3220 | D:5      | Noticed a phantom
  3263 | D:5      | Killed a phantom
  3264 | D:5      | Reached XP level 6. HP: 49/52 MP: 6/8
  3349 | D:5      | Noticed an ice beast
  3370 | D:5      | Killed an ice beast
  3371 | D:5      | Reached skill level 5 in Axes
  3475 | D:5      | Noticed a water moccasin
  3484 | D:5      | Killed a water moccasin
  3540 | D:5      | Reached XP level 7. HP: 60/60 MP: 9/9
  3561 | D:5      | Reached skill level 6 in Axes
  3581 | D:5      | Noticed Eustachio
  3643 | D:5      | Noticed Blork the orc
  3764 | D:5      | Killed Eustachio
  3765 | D:5      | Reached skill level 5 in Fighting
  3765 | D:5      | Reached skill level 5 in Armour
  3765 | D:5      | Reached skill level 5 in Shields
  3822 | D:5      | Found Zyus's Magic Scroll Shop.
  3824 | D:5      | Noticed Dowan
  3893 | D:5      | Noticed Duvessa
  3900 | D:5      | Killed Duvessa
  3900 | D:5      | Reached * piety under Beogh
  3906 | D:5      | Killed Dowan
  3907 | D:5      | Reached XP level 8. HP: 51/68 MP: 8/11
  3908 | D:5      | Killed Blork the orc
  3977 | D:5      | Found a runed translucent door.
  3978 | D:5      | Noticed Crazy Yiuf
  4026 | D:5      | Bought a scroll of teleportation for 42 gold pieces
  4026 | D:5      | Bought a scroll of blinking for 105 gold pieces
  4026 | D:5      | Bought a scroll of identify for 28 gold pieces
  4228 | D:5      | Killed Crazy Yiuf
  4312 | D:6      | Reached skill level 7 in Axes
  4443 | D:6      | Reached skill level 5 in Invocations
  4598 | D:6      | Noticed Menkaure
  4603 | D:6      | Killed Menkaure
  4730 | D:6      | You fall into a shaft and drop 1 floor!
  4888 | D:6      | Found a glowing drain.
  4898 | Sewer    | Entered a sewer
  4923 | Sewer    | Noticed Pargi
  4933 | Sewer    | Killed Pargi
  5547 | D:7      | Reached skill level 8 in Axes
  5590 | D:7      | Found a radiant altar of Vehumet.
  5768 | D:7      | Found a staircase to the Ecumenical Temple.
  5988 | D:7      | Found a blossoming altar of Fedhas.
  6141 | D:7      | Reached ** piety under Beogh
  6499 | D:8      | Reached XP level 9. HP: 71/75 MP: 11/13
  6687 | D:8      | Reached skill level 9 in Axes
  6855 | D:8      | Found a shadowy altar of Dithmenos.
  6933 | D:8      | Identified the +4 ring mail of Monotheism {rC++ rCorr
                  | Int+2}
  7001 | D:8      | Found a burning altar of Makhleb.
  7073 | D:8      | Noticed a kobold demonologist
  7076 | D:8      | Noticed an ice devil
  7094 | D:8      | Noticed a sixfirhy
  7099 | D:8      | Killed a kobold demonologist
  7237 | D:8      | Found a stormy altar of Qazlal.
  7679 | D:9      | Reached skill level 10 in Axes
  7692 | D:9      | Reached *** piety under Beogh
  7699 | D:9      | Identified the +2 dagger "Ykisuu" {freeze, rN+}
  7699 | D:9      | Identified the +3 robe of Fethros {Dex+5}
  7699 | D:9      | Noticed Orbeogh
  7721 | D:9      | Anointed Orbeogh the wizard as your apostle
  7734 | D:9      | Your ally Orbeogh died
  7744 | D:9      | Reached XP level 10. HP: 21/86 MP: 7/15
  7949 | D:9      | Found Huoniaf's Antique Armour Shop.
  7949 | D:9      | Found Giset's Armour Shop.
  7953 | D:9      | Found Anykh's Antique Weapon Shop.
  7953 | D:9      | Found Ifiamak's Assorted Antiques.
  7957 | D:9      | Bought a pair of bloodstained gloves for 275 gold pieces
  7957 | D:9      | Identified the +1 pair of gloves "Pooh" {Str+5} (You bought
                  | it in a shop on level 9 of the Dungeon)
  8042 | D:9      | Noticed Gastronok
  8477 | D:9      | Found a runed translucent gate.
  8477 | D:9      | Found a runed translucent gate.
  8477 | D:9      | Found a runed translucent gate.
  8482 | D:9      | Noticed zenocrate's ghost (novice OpEE)
  8482 | D:9      | Noticed a spectral centaur warrior
  8486 | D:9      | Noticed Joseph
  8503 | D:9      | Killed Joseph
  8504 | D:9      | Reached skill level 11 in Axes
  8752 | D:9      | Bought a broad axe for 116 gold pieces
  8921 | D:10     | Entered Level 10 of the Dungeon
  9032 | D:10     | Found an ancient bone altar of Kikubaaqudgha.
  9070 | D:10     | Found a staircase to the Lair.
  9329 | D:10     | Found a bloodstained altar of Trog.
  9619 | D:11     | Identified the +7 chain mail "Poofi" {Str+6}
  9763 | D:11     | Noticed a gargoyle
  9773 | D:11     | Killed a gargoyle
  9857 | D:11     | Identified the +9 flail "Newt's Peril" {freeze, +Blink
                  | rCorr MP-9 Dex+2}
  9857 | D:11     | Noticed Brunolf
  9865 | D:11     | Your ally Orbeogh died
  9875 | D:11     | Slain by Brunolf the orc apostle

Illustrated notes

Levels and vault maps discovered:
D:1:      dpeg_arrival_stone_temple_mockup, layout_loops_ring
D:2:      layout_rooms, dreamdust_ecumenical_altar_statues, basic_altar,
          serial_curves, eino_curves_03, eino_curves_03, eino_curves_02,
          kennysheep_generic_room_6, uniq_jessica
D:3:      layout_loops_corners, ebering_ghost_reflecting_pool,
          chequers_serial_rivers_marsh, minmay_misc_feat_rows
D:4:      layout_loops_ring, mainiacjoe_overflow_alcove_3,
          nemelex_dance_club_becter, mainiacjoe_overflow_cross_hatched,
          grunt_temple_overflow_open, uniq_ijyb
D:5:      layout_cave_pools, serial_shops, shop, uniq_eustachio,
          uniq_blork_the_orc, uniq_crazy_yiuf_cottage, uniq_duvessa
D:6:      layout_loops_ring, gup_sewer_entry_pipe, corexii_shack, uniq_menkaure
D:7:      layout_cave_pods, mainiacjoe_overflow_alcove_1, old_standard_altar,
          minmay_temple_entry_nine_rooms, hangedman_abyss_or_decor_lesser_grid
D:8:      layout_rooms, nicolae_dithmenos_the_darkroom,
          nicolae_qazlal_eye_of_the_storm, bloody_makhleb
D:9:      layout_cave_pools, gammafunk_ghost_necromancy,
          minmay_shop_grid_forest, uniq_joseph, uniq_gastronok
D:10:     layout_rooms, mainiacjoe_overflow_concentric_impassable,
          trog_ov_bears_minmay, lair_entry_dummy, hex_medium
D:11:     layout_loops_corners

Skill      XL: |  1  2  3  4  5  6  7  8  9 10 |
---------------+-------------------------------+-----
Invocations    | 1 2 3 4 6 7 8 |  8.7
Axes           | 3 4 5 6 8 10 11 | 11.9
Fighting       | 4 5 6 7 8 |  8.3
Armour         | 4 5 6 7 8 |  8.3
Shields        | 4 5 6 7 8 |  8.1

Action                     |  1- 3 |  4- 6 |  7- 9 | 10-12 || total
---------------------------+-------+-------+-------+-------++-------
  Melee: War axe           |    70 |    63 |       |       ||   133
         Hand axe          |       |    39 |   277 |   132 ||   448
         Long sword        |       |     7 |       |       ||     7
 Invoke: Convert to Beogh  |       |     1 |       |       ||     1
         Smiting           |       |       |     2 |       ||     2
         Recruit Apostle   |       |       |     1 |       ||     1
         Recall Apostles   |       |       |       |     2 ||     2
         Dismiss Apostle   |       |       |       |     1 ||     1
  Evoke: Wand              |       |       |     7 |     2 ||     9
    Use: Scroll            |       |     2 |    12 |     5 ||    19
         Potion            |       |       |     8 |     4 ||    12
   Stab: Invisible         |       |       |     4 |     1 ||     5
 Armour: Scale mail        |    50 |    49 |       |       ||    99
         Chain mail        |       |    24 |       |    16 ||    40
         Plate armour      |       |     7 |   159 |       ||   166
         Ring mail         |       |       |    73 |    93 ||   166
  Dodge: Dodged            |    29 |    35 |    74 |    48 ||   186
  Block: Buckler           |    14 |    18 |    46 |    38 ||   116

Table legend: (Time is in decaauts)
 A = Elapsed time spent in this place.
 B = Non-inter-level travel time spent in this place.
 C = Inter-level travel time spent in this place.
 D = Time resting spent in this place.
 E = Time spent auto-exploring this place.
 F = Levels seen in this place.
 G = Mean time per level.
                   A        B        C        D        E       F      G
               +--------+--------+--------+--------+--------+-----+--------+
         Total |   9894 |   9578 |    316 |   1353 |   6609 |  12 |  824.5 |
       Dungeon |   9783 |   9467 |    316 |   1338 |   6548 |  11 |  889.4 |
         Sewer |    110 |    110 |      0 |     15 |     61 |   1 |  110.0 |
               +--------+--------+--------+--------+--------+-----+--------+

Top non-repeatable levels by time:
     D:9: 1378 daAuts
     D:6: 1112 daAuts
     D:3: 1086 daAuts
     D:5: 1042 daAuts
     D:8: 1041 daAuts
     D:7: 971 daAuts
     D:4: 892 daAuts
     D:1: 691 daAuts
    D:10: 640 daAuts
     D:2: 629 daAuts
    D:11: 297 daAuts
   Sewer: 110 daAuts
